| TOP OF THE 1ST |
|
Bakersfield Bears batting - Pitching for Salinas Fire Frogs : LHP Manny Salinas
|
|
Pitching: LHP Manny Salinas
|
|
|
Batting: RHB Aaron Cain
|
0-0: Ball 1-0: Foul Ball, location: 2F 1-1: Ground out 4-3 (Groundball, 4, EV 87.5 MPH)
|
|
Batting: RHB Jeffrey Ronk
|
0-0: Foul Ball, location: 2F 0-1: Swinging Strike 0-2: Ball 1-2: Ball 2-2: Ground out 6-3 (Groundball, 6, EV 76.9 MPH)
|
|
Batting: LHB Stu Pederson
|
0-0: Ball 1-0: SINGLE (Line Drive, 4MD, EV 106.9 MPH)
|
|
Batting: LHB Sid Bream
|
0-0: Called Strike 0-1: SINGLE (Groundball, 4D, EV 101.3 MPH) Stu Pederson to second Runner from 2nd tries for 3rd, SAFE, throw by RF made to third
|
|
Batting: RHB Reggie Whittemore
|
0-0: Called Strike 0-1: Ball 1-1: Called Strike 1-2: Ball 2-2: Ball 3-2: Base on Balls Sid Bream to second
|
|
Batting: LHB Dave Yobs
|
0-0: Foul Ball, location: 2F 0-1: Foul Ball, location: 2F 0-2: GRAND SLAM HOME RUN (Line Drive, 9D, EV 102.5 MPH), Distance : 392 ft
|
|
Batting: RHB Mark Thiel
|
0-0: Ball 1-0: Swinging Strike 1-1: Ball 2-1: Foul Ball, location: 2F 2-2: Ball 3-2: Ground out 6-3 (Groundball, 6, EV 85.6 MPH)
|
| Top of the 1st over - 4 runs, 3 hits, 0 errors, 0 left on base; Bakersfield 4 - Salinas 0 |
| BOTTOM OF THE 1ST |
|
Salinas Fire Frogs batting - Pitching for Bakersfield Bears : RHP Richard Egan
|
|
Pitching: RHP Richard Egan
|
|
|
Batting: SHB Albert Hall
|
0-0: Ground out 6-3 (Groundball, 6, EV 85.6 MPH)
|
|
Batting: SHB Bernardo Howard
|
0-0: Ball 1-0: Ball 2-0: Called Strike 2-1: Ball 3-1: Foul Ball, location: 2F 3-2: Strikes out swinging
|
|
Batting: RHB Robert Weirum
|
0-0: Ball 1-0: Called Strike 1-1: Foul Ball, location: 2F 1-2: SINGLE (Line Drive, 9S, EV 86.3 MPH)
|
|
Batting: RHB Jason Felice
|
0-0: Ball 1-0: Called Strike Robert Weirum steals 2nd base 1-1: Ball 2-1: Foul Ball, location: 2F 2-2: Strikes out looking
|
| Bottom of the 1st over - 0 runs, 1 hit, 0 errors, 1 left on base; Bakersfield 4 - Salinas 0 |
| TOP OF THE 2ND |
|
Bakersfield Bears batting - Pitching for Salinas Fire Frogs : LHP Manny Salinas
|
|
Batting: LHB John Elder
|
0-0: Foul Ball, location: 2F 0-1: Ball 1-1: Swinging Strike 1-2: Foul Ball, location: 2F 1-2: Ball 2-2: Foul Ball, location: 2F 2-2: Strikes out swinging
|
|
Batting: LHB Art Miles
|
0-0: Called Strike 0-1: Foul Ball, location: 2F 0-2: Ball 1-2: Foul Ball, location: 2F 1-2: Strikes out swinging
|
|
Batting: RHB Aaron Cain
|
0-0: Ball 1-0: Called Strike 1-1: Foul Ball, location: 2F 1-2: Foul Ball, location: 2F 1-2: Ball 2-2: Ground out 6-3 (Groundball, 6M, EV 89.4 MPH)
|
| Top of the 2nd over - 0 runs, 0 hits, 0 errors, 0 left on base; Bakersfield 4 - Salinas 0 |
| BOTTOM OF THE 2ND |
|
Salinas Fire Frogs batting - Pitching for Bakersfield Bears : RHP Richard Egan
|
|
Batting: LHB Ronald Walker
|
0-0: Ball 1-0: Fly out, F9 (Flyball, 9S, EV 86.3 MPH)
|
|
Batting: SHB Sap Randall
|
0-0: Ball 1-0: Foul Ball, location: 2F 1-1: Ball 2-1: Foul Ball, location: 2F 2-2: Foul Ball, location: 2F 2-2: Ground out 1-3 (Groundball, 34S, EV 70.0 MPH)
|
|
Batting: RHB Bruce Bochy
|
0-0: Foul Ball, location: 2F 0-1: Swinging Strike 0-2: SINGLE (Groundball, 4D, EV 101.3 MPH)
|
|
Batting: RHB Jeff Matthews
|
0-0: Called Strike 0-1: Ball 1-1: Ground out 1-3 (Groundball, 13S, EV 73.8 MPH)
|
| Bottom of the 2nd over - 0 runs, 1 hit, 0 errors, 1 left on base; Bakersfield 4 - Salinas 0 |
| TOP OF THE 3RD |
|
Bakersfield Bears batting - Pitching for Salinas Fire Frogs : LHP Manny Salinas
|
|
Batting: RHB Jeffrey Ronk
|
0-0: Called Strike 0-1: Ball 1-1: Ball 2-1: Fly out, F8 (Flyball, 78M, EV 85.6 MPH)
|
|
Batting: LHB Stu Pederson
|
0-0: Ball 1-0: DOUBLE (Groundball, 3L, EV 101.3 MPH)
|
|
Batting: LHB Sid Bream
|
0-0: Ball 1-0: DOUBLE (Line Drive, 7LS, EV 95.0 MPH) Stu Pederson scores
|
|
Batting: RHB Reggie Whittemore
|
0-0: Ball 1-0: Foul Ball, location: 2F 1-1: Called Strike 1-2: Foul Ball, location: 2F 1-2: Ground out 5-3 (Groundball, 56S, EV 90.6 MPH)
|
|
Batting: LHB Dave Yobs
|
0-0: Ground out 1-3 (Groundball, 34S, EV 76.3 MPH)
|
| Top of the 3rd over - 1 run, 2 hits, 0 errors, 1 left on base; Bakersfield 5 - Salinas 0 |
| BOTTOM OF THE 3RD |
|
Salinas Fire Frogs batting - Pitching for Bakersfield Bears : RHP Richard Egan
|
|
Batting: RHB Timothy Hume
|
0-0: Called Strike 0-1: Ball 1-1: Ball 2-1: Foul Ball, location: 2F 2-2: Ball 3-2: Base on Balls
|
|
Batting: SHB Albert Hall
|
0-0: Ground out 3-1 (Groundball, 34, EV 77.5 MPH) Timothy Hume to second
|
|
Pitching: LHP Richard Ford
|
|
|
Batting: SHB Bernardo Howard
|
0-0: Called Strike 0-1: Called Strike 0-2: Ball 1-2: Strikes out looking
|
|
Batting: RHB Robert Weirum
|
0-0: Called Strike 0-1: DOUBLE (Flyball, 78D, EV 92.5 MPH) Timothy Hume scores
|
|
Batting: RHB Jason Felice
|
0-0: Called Strike 0-1: Ball 1-1: Ball 2-1: Ball 3-1: Foul Ball, location: 2F 3-2: Base on Balls
|
|
Batting: LHB Ronald Walker
|
0-0: Ground out 6-3 (Groundball, 6M, EV 105.0 MPH)
|
| Bottom of the 3rd over - 1 run, 1 hit, 0 errors, 2 left on base; Bakersfield 5 - Salinas 1 |
| TOP OF THE 4TH |
|
Bakersfield Bears batting - Pitching for Salinas Fire Frogs : LHP Manny Salinas
|
|
Batting: RHB Mark Thiel
|
0-0: Ball 1-0: Foul Ball, location: 2F 1-1: Swinging Strike 1-2: Foul Ball, location: 2F 1-2: Ball 2-2: Foul Ball, location: 2F 2-2: Ball 3-2: Base on Balls
|
|
Batting: LHB John Elder
|
0-0: Ball 1-0: Ball 2-0: Ball 3-0: Called Strike 3-1: Called Strike 3-2: Fielders Choice at 2nd, 4-6 (Groundball, 34, EV 84.4 MPH)
|
|
Batting: LHB Art Miles
|
0-0: Fly out, F9 (Flyball, 9, EV 90.6 MPH)
|
|
Batting: RHB Aaron Cain
|
0-0: Called Strike 0-1: Ball 1-1: Ball 2-1: Foul Ball, location: 2F 2-2: Ball 3-2: Strikes out swinging
|
| Top of the 4th over - 0 runs, 0 hits, 0 errors, 1 left on base; Bakersfield 5 - Salinas 1 |
| BOTTOM OF THE 4TH |
|
Salinas Fire Frogs batting - Pitching for Bakersfield Bears : LHP Richard Ford
|
|
Batting: SHB Sap Randall
|
0-0: Foul Ball, location: 2F 0-1: Ball 1-1: Fly out, F9 (Flyball, 9S, EV 78.8 MPH)
|
|
Batting: RHB Bruce Bochy
|
0-0: Called Strike 0-1: Ball 1-1: Ball 2-1: Ball 3-1: Base on Balls
|
|
Batting: RHB Jeff Matthews
|
0-0: Ball 1-0: Swinging Strike 1-1: DOUBLE (Flyball, 8RXD, EV 101.3 MPH) Bruce Bochy to third Runner from 3rd tries for Home, SAFE, throw by CF to home
|
|
Batting: RHB Timothy Hume
|
0-0: Ball 1-0: Called Strike Jeff Matthews is caught stealing 3rd base 2-5 1-1: Ground out 1-3 (Groundball, 13S, EV 70.0 MPH)
|
| Bottom of the 4th over - 1 run, 1 hit, 0 errors, 0 left on base; Bakersfield 5 - Salinas 2 |
| TOP OF THE 5TH |
|
Bakersfield Bears batting - Pitching for Salinas Fire Frogs : LHP Manny Salinas
|
|
Batting: RHB Jeffrey Ronk
|
0-0: Ball 1-0: Foul Ball, location: 2F 1-1: Ground out 1-3 (Groundball, P, EV 63.8 MPH)
|
|
Batting: LHB Stu Pederson
|
0-0: Ball 1-0: Ball 2-0: Ground out 6-3 (Groundball, 6, EV 84.4 MPH)
|
|
Batting: LHB Sid Bream
|
0-0: Called Strike 0-1: Ball 1-1: Fly out, F7 (Flyball, 7LS, EV 86.9 MPH)
|
| Top of the 5th over - 0 runs, 0 hits, 0 errors, 0 left on base; Bakersfield 5 - Salinas 2 |
| BOTTOM OF THE 5TH |
|
Salinas Fire Frogs batting - Pitching for Bakersfield Bears : LHP Richard Ford
|
|
Batting: SHB Albert Hall
|
0-0: Foul Ball, location: 2F 0-1: Swinging Strike 0-2: SINGLE (Groundball, 56D, EV 98.8 MPH)
|
|
Batting: SHB Bernardo Howard
|
0-0: Ball Albert Hall is caught stealing 2nd base 2-4 1-0: Foul Ball, location: 2F 1-1: Foul Ball, location: 2F 1-2: Foul Ball, location: 2F 1-2: Ball 2-2: Ball 3-2: Fly out, F1 (Line Drive, P, EV 63.8 MPH)
|
|
Batting: RHB Robert Weirum
|
0-0: Ball 1-0: Foul Ball, location: 2F 1-1: Called Strike 1-2: Fly out, F4 (Popup, 4S, EV 71.9 MPH)
|
| Bottom of the 5th over - 0 runs, 1 hit, 0 errors, 0 left on base; Bakersfield 5 - Salinas 2 |
| TOP OF THE 6TH |
|
Bakersfield Bears batting - Pitching for Salinas Fire Frogs : LHP Manny Salinas
|
|
Batting: RHB Reggie Whittemore
|
0-0: Called Strike 0-1: SINGLE (Groundball, 4MD, EV 96.9 MPH)
|
|
Batting: LHB Dave Yobs
|
0-0: Ball 1-0: Ball 2-0: Called Strike 2-1: Foul Ball, location: 2F 2-2: Foul Ball, location: 2F 2-2: Foul Ball, location: 2F 2-2: Ball 3-2: Fly out, F5 (Popup, 56, EV 70.0 MPH)
|
|
Batting: RHB Mark Thiel
|
0-0: Ball 1-0: Ball 2-0: Ball Wild Pitch! Reggie Whittemore to second 3-0: Intentional Walk
|
|
Batting: LHB John Elder
|
0-0: Called Strike 0-1: Fielders Choice at 2nd, 2-6 (Groundball, 13S, EV 66.3 MPH) Reggie Whittemore to third
|
|
Batting: LHB Art Miles
|
0-0: Called Strike 0-1: Foul Ball, location: 2F 0-2: Ball 1-2: SINGLE (Groundball, 4MD, EV 105.0 MPH) Reggie Whittemore scores John Elder to second Runner from 2nd tries for 3rd, SAFE, no throw by CF
|
|
Pitching: RHP Philip Costello
|
|
|
Batting: RHB Aaron Cain
|
0-0: Called Strike 0-1: Ball 1-1: SINGLE (Line Drive, 78S, EV 97.5 MPH) John Elder scores Art Miles to second
|
|
Batting: RHB Jeffrey Ronk
|
0-0: Fly out, F3 (Popup, 3SF, EV 71.9 MPH)
|
| Top of the 6th over - 2 runs, 3 hits, 0 errors, 2 left on base; Bakersfield 7 - Salinas 2 |
| BOTTOM OF THE 6TH |
|
Salinas Fire Frogs batting - Pitching for Bakersfield Bears : LHP Richard Ford
|
|
Batting: RHB Jason Felice
|
0-0: Called Strike 0-1: Fly out, F5 (Line Drive, 5, EV 69.4 MPH)
|
|
Batting: LHB Ronald Walker
|
0-0: Fly out, F7 (Flyball, 7S, EV 83.1 MPH)
|
|
Batting: SHB Sap Randall
|
0-0: Swinging Strike 0-1: Foul Ball, location: 2F 0-2: Ball 1-2: Ball 2-2: Ball 3-2: Base on Balls
|
|
Pitching: RHP Marc Campbell
|
|
|
Batting: RHB Bruce Bochy
|
0-0: Called Strike Sap Randall is caught stealing 2nd base 2-4
|
| Bottom of the 6th over - 0 runs, 0 hits, 0 errors, 0 left on base; Bakersfield 7 - Salinas 2 |
| TOP OF THE 7TH |
|
Bakersfield Bears batting - Pitching for Salinas Fire Frogs : RHP Philip Costello
|
|
Batting: LHB Stu Pederson
|
0-0: Foul Ball, location: 2F 0-1: Ball 1-1: Foul Ball, location: 2F 1-2: Reached on error, E9 (Line Drive, 9, EV 87.5 MPH)
|
|
Batting: LHB Sid Bream
|
0-0: Ground out 5-3 (Groundball, 56S, EV 75.0 MPH) Stu Pederson to third
|
|
Batting: RHB Reggie Whittemore
|
0-0: Called Strike 0-1: Foul Ball, location: 2F 0-2: Foul Ball, location: 2F 0-2: Ball 1-2: DOUBLE (Flyball, 8LXD, EV 95.0 MPH) Stu Pederson scores
|
|
Batting: LHB Dave Yobs
|
0-0: Foul Ball, location: 2F 0-1: Ball 1-1: Fly out, F8 (Line Drive, 8RD, EV 94.4 MPH)
|
|
Batting: RHB Mark Thiel
|
0-0: Foul Ball, location: 2F 0-1: Ball 1-1: Ball 2-1: Ball 3-1: Base on Balls
|
|
Batting: LHB John Elder
|
0-0: Called Strike 0-1: Foul Ball, location: 2F 0-2: Fly out, F9 (Flyball, 9LM, EV 107.5 MPH)
|
| Top of the 7th over - 1 run, 1 hit, 1 error, 2 left on base; Bakersfield 8 - Salinas 2 |
| BOTTOM OF THE 7TH |
|
Salinas Fire Frogs batting - Pitching for Bakersfield Bears : RHP Marc Campbell
|
|
Batting: RHB Bruce Bochy
|
0-0: Called Strike 0-1: Foul Ball, location: 2F 0-2: Ball 1-2: Foul Ball, location: 2F 1-2: Foul Ball, location: 2F 1-2: Ground out 5-3 (Groundball, 56, EV 108.1 MPH)
|
|
Batting: RHB Jeff Matthews
|
0-0: Ball 1-0: SINGLE (Flyball, 89M, EV 93.8 MPH)
|
|
Batting: RHB Timothy Hume
|
0-0: Called Strike 0-1: Called Strike 0-2: Foul Ball, location: 2F 0-2: Ball 1-2: Strikes out looking
|
|
Batting: SHB Albert Hall
|
0-0: Ball 1-0: Ball 2-0: Called Strike 2-1: Fly out, F1 (Line Drive, P, EV 69.4 MPH)
|
| Bottom of the 7th over - 0 runs, 1 hit, 0 errors, 1 left on base; Bakersfield 8 - Salinas 2 |
| TOP OF THE 8TH |
|
Bakersfield Bears batting - Pitching for Salinas Fire Frogs : RHP Philip Costello
|
|
Batting: LHB Art Miles
|
0-0: Called Strike 0-1: Foul Ball, location: 2F 0-2: Ball 1-2: Ball 2-2: Strikes out swinging
|
|
Batting: RHB Aaron Cain
|
0-0: Fly out, F8 (Flyball, 8LS, EV 93.1 MPH)
|
|
Batting: RHB Jeffrey Ronk
|
0-0: Ball 1-0: Foul Ball, location: 2F 1-1: Ball 2-1: Foul Ball, location: 2F 2-2: Foul Ball, location: 2F 2-2: DOUBLE (Flyball, 8RXD, EV 103.8 MPH)
|
|
Batting: LHB Stu Pederson
|
0-0: Called Strike 0-1: Foul Ball, location: 2F 0-2: Ball 1-2: Ball 2-2: Ball 3-2: Foul Ball, location: 2F 3-2: Base on Balls
|
|
Batting: LHB Sid Bream
|
0-0: Fly out, F8 (Flyball, 8RS, EV 91.3 MPH)
|
| Top of the 8th over - 0 runs, 1 hit, 0 errors, 2 left on base; Bakersfield 8 - Salinas 2 |
| BOTTOM OF THE 8TH |
|
Salinas Fire Frogs batting - Pitching for Bakersfield Bears : RHP Marc Campbell
|
|
Batting: SHB Bernardo Howard
|
0-0: Foul Ball, location: 2F 0-1: Foul Ball, location: 2F 0-2: Strikes out swinging
|
|
Batting: RHB Robert Weirum
|
0-0: Called Strike 0-1: Fly out, F6 (Line Drive, 6, EV 64.4 MPH)
|
|
Batting: RHB Jason Felice
|
0-0: Foul Ball, location: 2F 0-1: Ball 1-1: DOUBLE (Flyball, 8RXD, EV 90.0 MPH)
|
|
Batting: LHB Ronald Walker
|
0-0: Called Strike 0-1: Ground out U3 (Groundball, 3L, EV 99.4 MPH)
|
| Bottom of the 8th over - 0 runs, 1 hit, 0 errors, 1 left on base; Bakersfield 8 - Salinas 2 |
| TOP OF THE 9TH |
|
Bakersfield Bears batting - Pitching for Salinas Fire Frogs : RHP Philip Costello
|
|
Pitching: RHP Ken Schrom
|
|
|
Batting: RHB Reggie Whittemore
|
0-0: Ball 1-0: Ball 2-0: Foul Ball, location: 2F 2-1: Foul Ball, location: 2F 2-2: Fly out, F9 (Flyball, 89D, EV 81.9 MPH)
|
|
Batting: LHB Dave Yobs
|
0-0: Fly out, F7 (Line Drive, 7D, EV 97.5 MPH)
|
|
Batting: RHB Mark Thiel
|
0-0: Called Strike 0-1: Ball 1-1: Ball 2-1: Ball 3-1: Called Strike 3-2: Base on Balls
|
|
Batting: LHB John Elder
|
0-0: Called Strike 0-1: Foul Ball, location: 2F 0-2: Ball 1-2: Strikes out swinging
|
| Top of the 9th over - 0 runs, 0 hits, 0 errors, 1 left on base; Bakersfield 8 - Salinas 2 |
| BOTTOM OF THE 9TH |
|
Salinas Fire Frogs batting - Pitching for Bakersfield Bears : RHP Marc Campbell
|
|
Batting: SHB Sap Randall
|
0-0: Called Strike 0-1: Foul Ball, location: 2F 0-2: Ball 1-2: Foul Ball, location: 2F 1-2: Ball 2-2: Ground out 6-3 (Groundball, 6M, EV 103.1 MPH)
|
|
Batting: RHB Bruce Bochy
|
0-0: Ball 1-0: Called Strike 1-1: Ball 2-1: Ball 3-1: SINGLE (Line Drive, 8RS, EV 104.4 MPH)
|
|
Pitching: LHP Tom Chevolek
|
|
|
Batting: RHB Jeff Matthews
|
0-0: Ball 1-0: Ball 2-0: Ball 3-0: Called Strike 3-1: Base on Balls Bruce Bochy to second
|
|
Batting: RHB Timothy Hume
|
0-0: Ball 1-0: Foul Ball, location: 2F 1-1: Called Strike 1-2: Foul Ball, location: 2F 1-2: Foul Ball, location: 2F 1-2: Foul Ball, location: 2F 1-2: Fly out, F8 (Line Drive, 8LD, EV 92.5 MPH)
|
|
Batting: SHB Albert Hall
|
0-0: Called Strike 0-1: Swinging Strike 0-2: Ball 1-2: Strikes out looking
|
| Bottom of the 9th over - 0 runs, 1 hit, 0 errors, 2 left on base; Bakersfield 8 - Salinas 2 |
|